 Dungeon Crawl Stone Soup version 0.27.0-1-g7a089689b8 (webtiles) character file.

Game seed: 15746649125606922199

129 hawla the Grave Robber (level 4, -4/25 HPs)
             Began as a Deep Elf Necromancer on Aug 8, 2021.
             Slain by a gnoll (7 damage)
             ... on level 3 of the Dungeon.
             The game lasted 00:06:43 (3947 turns).

hawla the Grave Robber (Deep Elf Necromancer)       Turns: 3947, Time: 00:06:44

Health: -4/25      AC:  2    Str:  5    XL:     4   Next: 88%
Magic:  3/12       EV: 13    Int: 21    God:
Gold:   61         SH:  5    Dex: 21    Spells: 3/11 levels left

rFire    . . .     SeeInvis .   (no weapon)
rCold    . . .     Faith    .   c - +0 buckler
rNeg     . . .     Spirit   .   a - +0 robe
rPois    .         Reflect  .   (no helmet)
rElec    .         Harm     .   (no cloak)
rCorr    .         Rampage  .   (no gloves)
Will     .....                  (no boots)
Stlth    +++.......             (no amulet)
HPRegen  0.08/turn              e - +6 ring of dexterity
MPRegen  0.13/turn              (no ring)

@: flying
A: no striking features
a: no special abilities


You were on level 3 of the Dungeon.
You visited 1 branch of the dungeon, and saw 3 of its levels.

You collected 61 gold pieces.

Inventory:

Armour
 a - a +0 robe (worn)
 c - a +0 buckler (worn)
Jewellery
 e - a +6 ring of dexterity (left hand)
Potions
 d - a potion of might


   Skills:
 - Level 1.0 Fighting
 - Level 3.0 Dodging
 - Level 3.0 Stealth
 + Level 1.1 Shields
 + Level 4.4 Spellcasting
 + Level 5.7 Necromancy


You had 3 spell levels left.
You knew the following spells:

 Your Spells              Type           Power      Damage    Failure   Level
a - Pain                  Necr           100%       1d9       1%          1
b - Vampiric Draining     Necr           14%        2d8       4%          3
c - Animate Dead          Necr           14%        N/A       16%         4

Your spell library contained the following spells:

 Spells                   Type           Power      Damage    Failure   Level
 Animate Skeleton         Necr           56%        N/A       1%          1
 Dazzling Flash           Conj/Hex       8%         N/A       43%         3
 Ignite Poison            Fire/Tmut/Pois 4%         N/A       43%         3
 Mephitic Cloud           Conj/Pois/Air  4%         N/A       43%         3
 Agony                    Necr           28%        N/A       38%         5
 Iskenderun's Mystic Bla  Conj/Tloc      4%         2d3       85%         4
 Bolt of Magma            Conj/Fire/Erth 2%         4d4       99%         5
 Starburst                Conj/Fire      2%         8x6d3     100%        6


Dungeon Overview and Level Annotations

Branches:
Dungeon (3/15)

Altars:

Annotations:
D:3 1 runed translucent door, lnt's ghost, amateur PaMo


Message History

Aim: a gnoll, wielding a +0 club (almost dead)
You draw life force from the gnoll!
You kill the gnoll!
You feel life coursing into your body.
Your Shields skill increases to level 1!
The gnoll completely misses you. The gnoll misses you.
You open the door. The gnoll hits you with a +0 club!
You block the gnoll's attack.
There is an open door here.
You see here a throwing net.
Found a scroll of identify.
Casting: Vampiric Draining (quite dangerous; 4% risk of failure)
Confirm with . or Enter, or press ? or * to list all spells.
Aiming: Pain (safe; 1% risk of failure)
Press: ? - help, Shift-Dir - straight line, f - gnoll
Aim: a gnoll, wielding a +0 club (lightly wounded, chance to affect: 89%)
The gnoll writhes in agony.
Casting: Pain (safe; 1% risk of failure)
Confirm with . or Enter, or press ? or * to list all spells.
Aiming: Pain (safe; 1% risk of failure)
Press: ? - help, Shift-Dir - straight line, f/p - gnoll
Aim: a gnoll, wielding a +0 club (severely wounded, chance to affect: 89%)
The gnoll writhes in agony.
The gnoll closely misses you.
Casting: Pain (safe; 1% risk of failure)
Confirm with . or Enter, or press ? or * to list all spells.
Aiming: Pain (safe; 1% risk of failure)
Press: ? - help, Shift-Dir - straight line, f/p - gnoll
Aim: a gnoll, wielding a +0 club (severely wounded, chance to affect: 89%)
The gnoll writhes in agony.
You kill the gnoll!
The gnoll hits you from afar with a +0 spear!
* * * LOW HITPOINT WARNING * * *
It was a potion of cancellation.
You feel magically purged. The gnoll closely misses you.
It was a potion of flight.
You feel very buoyant.
You fly up into the air.
You block the gnoll's attack.
You aren't carrying any scrolls.
The gnoll hits you from afar with a +0 spear!
You die...

....).# #..##....######
......# #..##....#
......# #..##....#
......# #..##....#
......# #..##....#
......# ######..#######
......###### #.?......##
##)........# #..........
##.........# #..@......<
##.........# #..........
##...†.....###g.......#+
.'.........(g.....#####
##.........###....#W♣
#.........# .....+?8#
#.........#.####.#.♣#
#...........# ####
#......###..#


You could see 2 gnolls.

Vanquished Creatures
  2 gnolls (D:3)
  2 adders
  2 worms
  2 dart slugs
  5 orcs (D:3)
  8 ball pythons
  5 bats
  6 endoplasms
  2 giant cockroaches
  2 goblins (D:1)
  4 hobgoblins
  14 jackals
  3 kobolds
  A quokka (D:1)
  7 frilled lizards
  6 rats
71 creatures vanquished.

Notes
Turn   | Place    | Note
-------+----------+-------------------------------------------
     0 | D:1      | hawla the Deep Elf Necromancer began the quest for the Orb.
     0 | D:1      | Reached XP level 1. HP: 10/10 MP: 6/6
   347 | D:1      | Reached XP level 2. HP: 8/16 MP: 2/8
   556 | D:1      | Reached skill level 5 in Necromancy
  1236 | D:1      | Reached XP level 3. HP: 16/20 MP: 4/9
  1240 | D:1      | Learned a level 3 spell: Vampiric Draining
  1332 | D:1      | Found a faded altar of an unknown god.
  1940 | D:2      | Reached skill level 1 in Fighting
  2966 | D:2      | Reached XP level 4. HP: 22/25 MP: 7/11
  2971 | D:2      | Learned a level 4 spell: Animate Dead
  3893 | D:3      | Found a runed translucent door.
  3894 | D:3      | Noticed lnt's ghost (amateur PaMo)
  3924 | D:3      | Reached skill level 1 in Shields
  3947 | D:3      | Slain by a gnoll

Illustrated notes

Levels and vault maps discovered:
D:1:      lemuel_arrival_hallway, layout_rooms,
          hellmonk_ecumenical_altar_leap_of_faith, serial_forest,
          infiniplex_forest_clump_curved, infiniplex_forest_clump_cross,
          infiniplex_forest_zigzag_1, infiniplex_forest_corner_1,
          infiniplex_forest_end_2, infiniplex_forest_straight_3,
          infiniplex_forest_straight_4, infiniplex_forest_straight_3,
          st_stairs_10, hangedman_decor_opposing
D:2:      layout_basic
D:3:      layout_basic, nicolae_overflow_hidden_temple, gammafunk_ghost_grave,
          feat_on_display

Skill      XL: |  1  2  3  4 |
---------------+-------------+-----
Necromancy     | 5 |  5.7
Stealth        | 3 |  3.0
Dodging        | 3 |  3.0
Fighting       | 1 |  1.0
Spellcasting   | 4 |  4.4
Shields        | 1 |  1.1

Action                   |  1- 3 |  4- 6 || total
-------------------------+-------+-------++-------
Melee: Unarmed           |       |     4 ||     4
 Cast: Pain              |    86 |    49 ||   135
       Vampiric Draining |     1 |     2 ||     3
  Use: Scroll            |     2 |     1 ||     3
       Potion            |       |     2 ||     2
Armor: Robe              |     5 |     6 ||    11
Dodge: Dodged            |    11 |    16 ||    27
Block: Buckler           |       |     4 ||     4
